 Dungeon Crawl Stone Soup version 0.20.1-1-g8b1a95d (webtiles) character file.

61 letownia2 the Grave Robber (level 3, -1/28 HPs)
             Began as a Deep Dwarf Necromancer on Oct 31, 2017.
             Slain by a howler monkey skeleton (4 damage)
             ... on level 5 of the Dungeon.
             The game lasted 00:01:52 (654 turns).

letownia2 the Grave Robber (Deep Dwarf Necromancer)  Turns: 654, Time: 00:01:53

Health: -1/28      AC:  2    Str: 11    XL:     3   Next: 83%
Magic:  6/6        EV: 12    Int: 16    God:
Gold:   60         SH:  0    Dex: 13    Spells: 3/7 levels left

rFire    . . .     SeeInvis .   n - -1 dagger (curse)
rCold    . . .     Gourm    .   (no shield)
rNeg     . . .     Faith    .   a - +0 robe
rPois    +         Spirit   .   (no helmet)
rElec    .         Reflect  .   (no cloak)
rCorr    .         Harm     .   (no gloves)
MR       .....                  (no boots)
Stlth    ++........             (no amulet)
Regen    0.0/turn               l - ring of poison resistance
MPRegen  0.1/turn               p - ring of wizardry

@: non-regenerating
A: damage resistance, heal wounds, sense surroundings 1, no regeneration
a: Heal Wounds


You were on level 5 of the Dungeon.
You were not hungry.

You visited 1 branch of the dungeon, and saw 5 of its levels.

You collected 60 gold pieces.

Inventory:

Hand Weapons
 e - a +0 dagger
 i - a +0 hand axe
 n - a cursed -1 dagger (weapon)
Missiles
 r - a throwing net (quivered)
Armour
 a - a +0 robe (worn)
 j - a +0 chain mail
Jewellery
 l - a ring of poison resistance (left hand)
 p - a ring of wizardry (right hand)
Scrolls
 d - 3 scrolls of fear {unknown}
 g - a scroll of magic mapping {unknown}
 o - a scroll of immolation {unknown}
Potions
 f - a potion of curing {unknown}
 h - a potion of brilliance {unknown}
 k - a potion of might {unknown}
 m - a potion of mutation {unknown}
Books
 b - a book of Necromancy

   Spells                             Type                      Level
   a - Pain                           Necromancy                   1
   b - Animate Skeleton               Necromancy                   1
   c - Vampiric Draining              Necromancy                   3
   d - Regeneration                   Charms/Necromancy            3
   e - Animate Dead                   Necromancy                   4
   f - Control Undead                 Necromancy                   4
Comestibles
 c - a bread ration
 q - a royal jelly


   Skills:
 - Level 2.1 Dodging
 - Level 2.4 Stealth
 - Level 2.5 Spellcasting
 + Level 5.5 Necromancy


You had 3 spell levels left.
You knew the following spells:

 Your Spells              Type           Power        Failure   Level  Hunger
a - Pain                  Necr           ###.         1%          1    #......
v - Vampiric Draining     Necr           ###.......   2%          3    ###....


Dungeon Overview and Level Annotations

Branches:
Dungeon (5/15)
 Temple: D:4-7

Altars:

Portals:
Ossuary: D:5

Annotations:
D:5 exclusion: sky beast


Innate Abilities, Weirdness & Mutations

You are resistant to damage.
You can heal yourself by infusing magical energy.
You passively map a small area around you.
You do not regenerate.


Message History

You continue taking off your +0 chain mail. x4
You finish taking off your +0 chain mail.
You start putting on your armour.
You continue putting on your +0 robe. x5
You finish putting on your +0 robe.
Unknown command.
Unknown command.
You open the door.
There is an open door here.
A sky beast comes into view.
Found 12 gold pieces.
A howler monkey skeleton comes into view.
The howler monkey skeleton hits you.
* * * LOW HITPOINT WARNING * * *
Found 19 stones and a rapier.
You barely miss the howler monkey skeleton.
You hear the slow hiss of an avalanche of sand nearby.
The howler monkey skeleton barely misses you.
You hit the howler monkey skeleton but do no damage.
The howler monkey skeleton hits you.
You die...

, ** * *.# * * * ##.##
** * , ,#...# * #.).#,
*, #...# ** #..(#, *
*, #Z..#, *, *
,#.#@##### ,
#.#.......#, ,
#.###<###.#,# # *
*#.....###.#.#.... . ,
#.............#
#.##,#....###.##.#.$..
, .....#....# #.# .#
.# ,
,,.##...#....###.## #
, ...........'....#,*
, *


You could see a howler monkey skeleton.

Vanquished Creatures
  A worker ant (D:4)
  3 adders
  An orc (D:3)
  2 bats (D:2)
  2 goblins (D:2)
  A hobgoblin (D:2)
  A kobold (D:3)
  A rat (D:2)
12 creatures vanquished.

Notes
Turn   | Place    | Note
-------+----------+-------------------------------------------
     0 | D:1      | letownia2 the Deep Dwarf Necromancer began the quest for the Orb.
     0 | D:1      | Reached XP level 1. HP: 15/15 MP: 3/3
   340 | D:3      | Reached XP level 2. HP: 22/22 MP: 3/5
   470 | D:4      | Reached skill level 5 in Necromancy
   470 | D:4      | Reached XP level 3. HP: 6/28 MP: 0/6
   475 | D:4      | Learned a level 3 spell: Vampiric Draining
   552 | D:5      | Entered Level 5 of the Dungeon
   602 | D:5      | Found a sand-covered staircase.
   641 | D:5      | Noticed a sky beast
   654 | D:5      | Slain by a howler monkey skeleton

Skill      XL: |  1  2 |
---------------+-------+-----
Spellcasting   | 2 |  2.5
Necromancy     | 5 |  5.5
Dodging        | |  2.1
Stealth        | |  2.4

Action                   || total
-------------------------++-------
Melee: Dagger            ||    14
 Cast: Pain              ||    26
       Vampiric Draining ||     1
Armor: Robe              ||     2
Dodge: Dodged            ||    16
